 Dungeon Crawl Stone Soup version 0.24.0-35-gdb84b6a5db (webtiles) character file.

Game seed: 13412145497098929113, levelgen mode: deterministic

11 Emblim88 the Vexing (level 2, 0/11 HPs)
             Began as a Felid Enchanter on Nov 18, 2019.
             Slain by a hobgoblin
             ... wielding a +0 club
              (5 damage)
             ... on level 1 of the Dungeon.
             The game lasted 00:01:57 (453 turns).

Emblim88 the Vexing (Felid Enchanter)                Turns: 453, Time: 00:01:58

Health: 0/11       AC:  1    Str:  4    XL:     2   Next: 13%
Magic:  3/6        EV: 18    Int: 16    God:
Gold:   3          SH:  0    Dex: 16    Spells: 2/5 levels left
                                        Lives:  0   Deaths: 0

rFire    . . .     SeeInvis +     - Unarmed
rCold    . . .     Gourm    .   (shield unavailable)
rNeg     . . .     Faith    .   (armour unavailable)
rPois    .         Spirit   .   (helmet unavailable)
rElec    .         Reflect  .   (cloak unavailable)
rCorr    .         Harm     .   (gloves unavailable)
MR       .....                  (boots unavailable)
Stlth    +++.......             (no amulet)
HPRegen  0.03/turn              (no ring)
MPRegen  0.10/turn              (no ring)

@: quick
A: very small, no armour, no weapons or thrown items, stealth, claws 1, fangs 3,
see invisible, carnivore, speed 1, shaggy fur 1, slow metabolism 1, sharp paws
a: no special abilities


You were on level 1 of the Dungeon.
You were very full.

You visited 1 branch of the dungeon, and saw 1 of its levels.

You collected 3 gold pieces.

Inventory:

Potions
 a - a potion of brilliance {unknown}
Comestibles
 b - a ration


   Skills:
 + Level 2.9 Dodging
 * Level 4.3 Stealth
 + Level 1.2 Unarmed Combat
 + Level 2.1 Spellcasting
 * Level 4.6 Hexes
 + Level 0.0 Ice Magic


You had 2 spell levels left.
You knew the following spells:

 Your Spells              Type           Power        Failure   Level  Hunger
a - Corona                Hex            ###....      3%          1    #......
b - Ensorcelled Hibernat  Hex/Ice        #.....       12%         2    ###....

Your spell library contained the following spells:

 Spells                   Type           Power        Failure   Level  Hunger
 Confuse                  Hex            ###.....     9%          3    ###....
 Tukima's Dance           Hex            ###.....     9%          3    ###....
 Dazzling Spray           Conj/Hex       #.....       24%         3    ###....


Dungeon Overview and Level Annotations

Branches:
Dungeon (1/15)

Altars:


Innate Abilities, Weirdness & Mutations

You cannot wear armour.
You are incapable of wielding weapons or throwing items.
Your paws allow you to move quietly. (Stealth)
You have sharp claws.
You have razor-sharp teeth.
You have supernaturally acute eyesight. (SInv)
You are carnivorous and can eat meat at any time.
You cover ground quickly.
You are covered in fur. (AC +1)
You have a slow metabolism.
Your sharp claws are effective at attacking unaware monsters.


Message History

You scratch the hobgoblin but do no damage.
The bat misses you. The bat hits you but does no damage.
The hobgoblin hits you with a +0 club. The bat closely misses you.
Casting: Corona (safe; 3% risk of failure)
Confirm with . or Enter, or press ? or * to list all spells.
Aiming: Corona (safe; 3% risk of failure)
Press: ? - help, Shift-Dir - straight line, f - hobgoblin
Aim: a hobgoblin, wielding a +0 club (chance to defeat MR: 71%)
The hobgoblin is outlined in light.
The bat completely misses you. The bat closely misses you.
The hobgoblin barely misses you. The bat completely misses you.
The bat misses you.
Casting: Corona (safe; 3% risk of failure)
Confirm with . or Enter, or press ? or * to list all spells.
Aiming: Ensorcelled Hibernation (safe; 12% risk of failure)
Press: ? - help, Shift-Dir - straight line, f/p - hobgoblin
Aim: a hobgoblin, wielding a +0 club (softly glowing, chance to defeat MR: 58%)
The hobgoblin resists with significant effort.
The bat misses you. x2; The hobgoblin barely misses you.
The bat misses you. The bat misses you. The hobgoblin hits you with a +0 club.
You die...

###.##.# #......g..g....
#.##.# #..###'###...##
#.##.# #g##.... ##).# #..#.#
#.#..# #b.#..# ##.#.# #.'.#
#.'..# #.#.# #.#..# #g.#..#
#...# #.##.....##..#
##..############..###+##
...#
#.>.........@g#............#
#############b#..######...##
#...## #### #####


You could see a hobgoblin and a bat.

Vanquished Creatures
  A giant cockroach (D:1)
  2 goblins (D:1)
  4 jackals (D:1)
  A frilled lizard (D:1)
  2 rats (D:1)
10 creatures vanquished.

Notes
Turn   | Place    | Note
-------+----------+-------------------------------------------
     0 | D:1      | Emblim88 the Felid Enchanter began the quest for the Orb.
     0 | D:1      | Reached XP level 1. HP: 7/7 MP: 4/4
   197 | D:1      | Reached XP level 2. HP: 8/11 MP: 4/6
   383 | D:1      | Learned a level 2 spell: Ensorcelled Hibernation
   453 | D:1      | Slain by a hobgoblin

Levels and vault maps discovered:
D:1:      lightli_iron_boxes, layout_basic, minmay_box_of_dots

Action                   || total
-------------------------++-------
Melee: Unarmed           ||    32
 Cast: Corona            ||     8
       Ensorcelled Hiber ||     1
 Stab: Sleeping          ||     3
  Eat: Chunk             ||     6
Armor: Skin              ||    12
Dodge: Dodged            ||    81
